AoeStats
← Glass of Whiskey

Coastal Forest

502955352Analyzed
3v3 RM · 12d ago on Aug 29, 2026· 14m 35s· 6 players
Game mode
Random Map
Map size
Normal (6 player)
Population
200
Speed
Normal
Resources
Low
Victory
Standard
Starting age
Dark Age
Ending age
Imperial Age
RankedLock teamsTeams togetherTeam positionsShared explorationLock speedFull tech treeHidden civsTurbo modeCheats
Victory
Defeat
🇲🇽 Maya · Mexico
1064
+14
🇪🇸 Magyars · Spain
1053
+42
🇨🇱 Spanish · Chile
980
+18
🇩🇪 Japanese · Germany
1044
-17
🇿🇦 Huns · South Africa
1019
-15
🇮🇹 Mongols · Italy
979
-14
alphateam
0:37 Loom
11:32 Feudal Age
11:58 Double-Bit Axe
12:50 Wheelbarrow
12:25 Gold Mining
13:14 Horse Collar
Glass of Whiskey
0:42 Loom
16:30 Feudal Age
UnstableKnight
10:28 Loom
14:02 Feudal Age
geolmes
0:26 Loom
9:05 Feudal Age
10:11 Double-Bit Axe
HopeKas5
14:12 Feudal Age
Quintabar
1:51 Loom
4:02 Loom
9:46 Feudal Age
10:24 Double-Bit Axe
11:14 Town Watch
Connection lost

Rejoining the realm…

Still unreachable

The connection could not be restored.

Session expired

The server has moved on; the page needs a fresh start.